[Event "Menorca Open-A 2022"]
[Site "Menorca"]
[Date "2022.04.22"]
[Round "4.11"]
[White "Bach, Oliver (Group B)"]
[Black "Guerra Reig, Juan (Group B)"]
[Result "1/2-1/2"]
[ECO "D53"]
[WhiteElo "1678"]
[BlackElo "1974"]
[Annotator "TA"]
[PlyCount "133"]
[EventDate "2022.04.20"]
[EventType "swiss"]
[EventCountry "ESP"]
[SourceTitle "playchess.com"]
[Source "ChessBase"]
[SourceQuality "1"]
[TimeControl "5400+30"]

1. d4 d5 2. Nf3 Nf6 3. c4 e6 4. Nc3 Be7 5. Bg5 c6 6. e3 Ne4 7. Bxe7 {[%emt 0:00:30] D53: Queen's Gambit Declined: 4 Bg5 Be7: Early deviations.} Nxc3 8. bxc3 Qxe7 9. Bd3 {[%emt 0:00:30] White is slightly better.} Nd7 10. O-O e5 ({Black should try} 10... O-O $14) 11. dxe5 {[%emt 0:00:30] White is more active.} (11. cxd5 $16 cxd5 12. e4) 11... dxc4 $11 12. Bxc4 Nxe5 13. Nxe5 Qxe5 14. Qd4 Qxd4 15. exd4 Be6 16. Rfe1 Kd7 17. Bxe6+ fxe6 {[%emt 0:00:30][%mdl 4096] [#] Endgame KRR-KRR} 18. Re5 $146 ({Predecessor:} 18. Rab1 b6 {½-½ (18) Mostbauer,M (1901)-Ziebermayr,R (2175) Steyr 2011}) 18... Rhf8 19. Rae1 Rae8 20. f3 Rf6 21. Kf2 Rh6 22. Rg5 Re7 23. Kg3 Rf7 24. Re4 Rhf6 25. Reg4 g6 26. Ra5 a6 27. Re4 Kd6 (27... Rf5 $5 28. Rae5 Rxe5 29. Rxe5 Kd6 $11) 28. Rae5 b5 29. Kf2 Rc7 30. Ke3 (30. g4 $14) 30... c5 {[%emt 0:00:30] The position is equal.} 31. dxc5+ Rxc5 32. Rxc5 Kxc5 {[%emt 0:00:30] KR-KR} 33. a4 bxa4 34. Rxa4 e5 35. Ra5+ Kc4 36. Rxe5 Kxc3 37. Re7 h6 38. Rc7+ Kb4 39. Kd4 Rd6+ 40. Ke5 Rb6 41. Rc1 a5 42. Rb1+ Kc5 43. Rc1+ Kb5 44. Rb1+ Ka6 45. Ra1 Rb2 46. g4 Rxh2 47. Kf6 g5 48. Kg7 Kb5 49. Rb1+ Kc5 {[%emt 0:00:30] [#] And now ...a4 would win.} 50. Rc1+ Kb4 51. Rb1+ Kc4 {[%emt 0:00:30] White must now prevent ...a4.} 52. Ra1 Kb4 {[%emt 0:00:30] ...a4 is the strong threat.} 53. Rb1+ Ka3 (53... Kc3 $5 54. Ra1 Kb4 55. Rb1+ $11) 54. Ra1+ Ra2 ({Reject} 54... Kb4 55. Rb1+ $15) 55. Rh1 (55. Rxa2+ Kxa2 56. Kxh6 Kb2 57. Kxg5 a4 $19) 55... Rf2 56. Kxh6 Rxf3 57. Ra1+ Kb4 58. Kxg5 a4 59. Kh6 Rh3+ 60. Kg6 Kb3 61. g5 a3 62. Kf7 Rf3+ 63. Kg7 Kb2 64. Rxa3 Rxa3 65. g6 Kc3 66. Kf7 Kd4 67. g7 {[%emt 0:00:30] Weighted Error Value: White=0.07 (flawless) /Black=0.05 (flawless)} 1/2-1/2

[Event "Menorca Open-A 2022"]
[Site "Menorca"]
[Date "2022.04.23"]
[Round "5.1"]
[White "Gukesh D"]
[Black "Aryan Chopra"]
[Result "1/2-1/2"]
[ECO "E15"]
[WhiteElo "2637"]
[BlackElo "2592"]
[Annotator "TA"]
[PlyCount "85"]
[EventDate "2022.04.20"]
[EventType "swiss"]
[EventCountry "ESP"]
[SourceTitle "playchess.com"]
[Source "ChessBase"]
[SourceQuality "1"]
[TimeControl "5400+30"]

1. d4 Nf6 2. c4 e6 3. Nf3 b6 4. g3 Ba6 5. b3 Bb4+ 6. Bd2 Be7 7. Bg2 d5 {[%emt 0:00:30] 7...0-0 gains popularity.} 8. O-O O-O 9. Ne5 c5 {[%emt 0:00:30] E15: Queen's Indian: 4 g3 sidelines, 4 g3 Ba6 and 4 g3 Bb7 early deviations.} 10. dxc5 Qc7 11. Nd3 dxc4 {[%emt 0:00:30] [#]} 12. bxc4 $146 ({Predecessor:} 12. cxb6 axb6 13. Bxa8 cxd3 14. Bf3 Nc6 15. e3 Nd5 16. a3 Rc8 17. Nc3 Nxc3 18. Bxc3 {½-½ (27) Novak,J (2488)-Acevedo Villalba,A (2513) ICCF email 2020}) 12... Bb7 13. Bf4 Qc8 14. Bxb7 Qxb7 15. cxb6 axb6 16. Nd2 Ne4 17. Nb3 Rc8 18. f3 Nf6 {[%emt 0:00:30][%cal Be4f6,Bf6d5,Bd5e7,Be7c6][%mdl 1056] Black has compensation.} ({Much less strong is} 18... Nc3 19. Qd2 Na4 20. Rab1 $14) 19. Qc2 Nbd7 20. a4 Nd5 21. Bd2 $1 Bf6 22. Rac1 Qa7 {[%emt 0:00:30] [#] And now ...b5+ would win.} ({Resist} 22... Rxa4 {[#]} 23. Nbc5 $1 Rxc4 24. Qxc4 $14 (24. Nxb7 Rxc2 25. Rfd1 Rxc1 $17)) 23. Kg2 Qxa4 24. e4 Ne7 25. Be3 Nc6 26. f4 {[%emt 0:00:30] Against Nce5} b5 27. e5 Bd8 (27... Be7 $5 ) 28. Rfd1 {[%emt 0:00:30] The position is equal.} bxc4 29. Qxc4 Qxc4 30. Rxc4 Ne7 31. Rxc8 Rxc8 32. Nb4 Nb8 33. Ra1 Nbc6 34. Nxc6 Nxc6 35. Kf3 f6 36. exf6 Bxf6 37. Rd1 Ne7 38. Nc5 e5 39. Ne4 exf4 40. Nxf6+ gxf6 41. Bxf4 Ng6 42. Bh6 Ne5+ 43. Ke4 {[%emt 0:00:30] An interesting draw.  Weighted Error Value: White=0.04 (flawless) /Black=0.06 (flawless)} 1/2-1/2

[Event "Menorca Open-A 2022"]
[Site "Menorca"]
[Date "2022.04.23"]
[Round "5.2"]
[White "Erigaisi Arjun"]
[Black "Sargsyan, Shant"]
[Result "0-1"]
[ECO "E20"]
[WhiteElo "2675"]
[BlackElo "2639"]
[Annotator "TA"]
[PlyCount "74"]
[EventDate "2022.04.20"]
[EventType "swiss"]
[EventCountry "ESP"]
[SourceTitle "playchess.com"]
[Source "ChessBase"]
[SourceQuality "1"]
[TimeControl "5400+30"]

1. d4 Nf6 2. c4 e6 3. Nc3 Bb4 4. f3 c5 5. d5 b5 6. e4 {[%emt 0:00:06] E20: Nimzo-Indian: 4 g3 and 4 f3.} d6 $1 {[%emt 0:00:13][%mdl 4] is recently more successful than 6...bxc4.} 7. Nge2 bxc4 8. Nf4 {[%emt 0:00:06] The position is equal.} g5 $5 {[%emt 0:01:08][%mdl 4] Leaves trodden paths.} (8... e5 $5 9. Nfe2 Ba6 $11) 9. Nfe2 exd5 10. exd5 Qe7 11. Bxg5 {[%emt 0:17:45] Black must now prevent Qd2.} Bxc3+ 12. bxc3 Nbd7 $1 {[%emt 0:00:13] Active counter play!} 13. Qd2 {[%emt 0:09:23] [#]} Ne5 $146 ({Predecessor:} 13... Rg8 14. h4 Ne5 15. Kf2 h6 16. Bxh6 Nh5 17. Rh2 Nd3+ {½-½ (17) Yeo,G (2482)-Beecham,C (2478) ICCF email 2020}) 14. Kd1 (14. Bxf6 $5 Qxf6 15. Ng3 $11) 14... Rg8 15. Ng3 Rb8 (15... Rxg5 $1 $11 16. Qxg5 Nxd5) 16. Bh4 (16. Be2 $14) 16... Rg6 $1 $11 17. Be2 Qb7 $1 18. f4 (18. Bxf6 $15 Rxf6 19. Re1) 18... Rxg3 $1 $17 19. Bxf6 (19. hxg3 $17 Ne4 20. Qe3 (20. Qc2 $2 Qxd5+ 21. Ke1 Nd3+ 22. Kf1 Rb2 $19) 20... Qxd5+ 21. Kc2 (21. Ke1 $2 Ng4 $19)) 19... Rxg2 $19 {[%emt 0:09:23] Strongly threatening ...Ng4.} 20. fxe5 {[%emt 0:00:35][%cal Oe5e6] e6! is the strong threat.} Bg4 {[%emt 0:00:47][%cal Bc8g4,Bg4e2,Be2d3][%mdl 32] Inhibits e6.} 21. Re1 {[%emt 0:00:27] [#]} Qb1+ $3 22. Rxb1 Rxb1+ 23. Qc1 Bxe2+ ({Not} 23... Rxc1+ 24. Kxc1 Bxe2 25. exd6 $15) 24. Kd2 {[%emt 0:00:05] [#]} Bd3+ ({Weaker is} 24... Rxc1 25. Kxc1 Kd7 26. h3 $17) 25. Ke3 Rxc1 {[%emt 0:00:08] Really sharp!} 26. Rxc1 dxe5 {[%emt 0:00:48][%mdl 4096] Endgame KRB-KRB} ({And not} 26... Rxh2 27. exd6 Kd7 28. Be7 $19) 27. Kf3 Rxh2 (27... Re2 $19 {and Black stays clearly on top. And now ...Kd7 would win.} 28. Rg1 e4+ 29. Kg3 Rxa2) 28. Bxe5 $17 Rxa2 29. Bd6 Kd7 30. Bf8 (30. Bxc5 $17 {keeps fighting.} Ra5 31. Bb4 Rxd5 32. Ra1) 30... f5 $19 31. d6 $2 (31. Kf4 {might work better.}) 31... a5 32. Rg1 Be4+ 33. Kf4 Rg2 34. Ra1 Rg8 35. Be7 Ra8 36. Rg1 $2 (36. Ke5) 36... a4 37. Rg7 a3 {[%emt 0:00:32] Weighted Error Value: White=0.53/Black=0.08 (flawless)} 0-1

[Event "Menorca Open-A 2022"]
[Site "Menorca"]
[Date "2022.04.23"]
[Round "5.3"]
[White "Sadhwani, Raunak"]
[Black "Santos Latasa, Jaime"]
[Result "1/2-1/2"]
[ECO "C83"]
[WhiteElo "2628"]
[BlackElo "2656"]
[Annotator "TA"]
[PlyCount "50"]
[EventDate "2022.04.20"]
[EventType "swiss"]
[EventCountry "ESP"]
[SourceTitle "playchess.com"]
[Source "ChessBase"]
[SourceQuality "1"]
[TimeControl "5400+30"]

1. e4 {[%emt 0:01:28] Mikhalevski,V} e5 2. Nf3 Nc6 3. Bb5 a6 4. Ba4 Nf6 5. O-O Nxe4 6. d4 b5 7. Bb3 d5 8. dxe5 Be6 9. Nbd2 Be7 10. c3 Nc5 11. Bc2 d4 12. Nb3 $1 {[%emt 0:00:50][%cal Rb3d4] C83: Open Ruy Lopez: 9 c3 Be7.} d3 13. Nxc5 (13. Bb1 {is more complex.} Nxb3 14. axb3 Bf5 15. Be3) 13... dxc2 14. Qxd8+ {[%emt 0:00:04] White has an edge.} Rxd8 ({Don't do} 14... Bxd8 15. Nxe6 fxe6 16. Be3 $16) 15. Nxe6 fxe6 16. Be3 Rd5 17. Rfc1 Nxe5 18. Nxe5 Rxe5 19. Rxc2 Kf7 20. c4 b4 {[%emt 0:00:56] The position is equal.} 21. Bf4 $5 {[%emt 0:00:24][%mdl 4] Leaves trodden paths.} Re4 22. g3 Rd8 23. Kg2 {[%emt 0:06:57] [#]} Red4 $146 ({Predecessor:} 23... g5 24. Be3 Re5 25. h3 Bc5 26. Bxc5 Rxc5 27. Re1 e5 28. b3 a5 29. Re3 a4 30. bxa4 {½-½ (42) Kharlov,A (2619)-Sorokin,M (2567) Kazan 2005 CBM 109 [Mikhalevski,V]}) 24. Bxc7 Rc8 25. Bf4 Rdxc4 {[%emt 0:00:32] A balanced but interesting game.  Weighted Error Value: White=0.05 (flawless) /Black=0.01 (flawless)} 1/2-1/2

[Event "Menorca Open-A 2022"]
[Site "Menorca"]
[Date "2022.04.23"]
[Round "5.4"]
[White "Sethuraman, S.P."]
[Black "Martirosyan, Haik M."]
[Result "1/2-1/2"]
[ECO "C54"]
[WhiteElo "2610"]
[BlackElo "2633"]
[Annotator "TA"]
[PlyCount "44"]
[EventDate "2022.04.20"]
[EventType "swiss"]
[EventCountry "ESP"]
[SourceTitle "playchess.com"]
[Source "ChessBase"]
[SourceQuality "1"]
[TimeControl "5400+30"]

1. e4 e5 2. Nf3 Nc6 3. Bc4 Bc5 4. d3 Nf6 5. O-O d6 6. c3 h6 7. b4 {[%emt 0:00:42] C54: Giuoco Piano: 4 c3 Nf6, main lines with 5 d4 and 5 d3.} Bb6 8. Nbd2 $1 {[%emt 0:01:05][%mdl 4] now scores much better than the old 8.a4.} O-O 9. Re1 a5 10. b5 Ne7 11. d4 {[%emt 0:01:17] [#]} exd4 $146 ({Predecessor:} 11... Ng6 12. Bf1 Be6 13. Qc2 Re8 14. Bb2 a4 15. c4 exd4 16. Nxd4 Nd7 17. N2f3 Nge5 {0-1 (72) Svidler,P (2714)-Le,Q (2709) Saint Louis 2021}) 12. cxd4 d5 {[%emt 0:10:10] [#]} 13. e5 $1 Nh5 14. Bf1 Nf4 15. Nb3 Neg6 16. Be3 f6 (16... a4 $5 17. Nc5 Bxc5 18. dxc5 Bg4 $11) 17. Qc1 a4 18. Nc5 Bxc5 19. Qxc5 Bg4 20. Bxf4 Nxf4 21. Nd2 Ne6 22. Qb4 f5 {[%emt 0:08:19] Weighted Error Value: White=0.07 (flawless) /Black=0.09 (flawless)} 1/2-1/2

[Event "Menorca Open-A 2022"]
[Site "Menorca"]
[Date "2022.04.23"]
[Round "5.5"]
[White "Nihal Sarin"]
[Black "Grigorian, Spartak"]
[Result "1-0"]
[ECO "A46"]
[WhiteElo "2648"]
[BlackElo "2470"]
[Annotator "TA"]
[PlyCount "39"]
[EventDate "2022.04.20"]
[EventType "swiss"]
[EventCountry "ESP"]
[SourceTitle "playchess.com"]
[Source "ChessBase"]
[SourceQuality "1"]
[TimeControl "5400+30"]

1. d4 Nf6 2. Nf3 e6 3. Bf4 c5 4. e3 cxd4 5. exd4 Qb6 6. Qc1 {[%emt 0:01:38] Active counter play! A46: 1 d4 Nf6 2 Nf3 e6: Torre, London and Colle Systems.} Bd6 {[%emt 0:00:50] [#] And now ...Bxf4 would win.} 7. Bg3 $146 ({Predecessor:} 7. Bg5 Be7 8. Bd3 Nc6 9. c3 h6 10. Be3 Qc7 11. O-O b6 12. a4 Bb7 13. Na3 {0-1 (24) Borges,J (2302)-Kaupert,V (2244) ICCF email 2016}) 7... Bxg3 8. hxg3 {[%emt 0:00:21] The position is equal.} Nc6 9. c3 d6 10. Nbd2 O-O {[%emt 0:03:27] [#]} (10... e5 $11 {keeps the balance.}) 11. Bd3 $1 $16 {[%emt 0:00:48] aiming for Nc4.} Re8 12. Ne4 (12. Nc4 $16 Qc7 13. g4) 12... Nxe4 $14 13. Bxe4 h6 {[%emt 0:03:19] [#]} (13... f5 $11 {remains equal.} 14. Bc2 Bd7) 14. Rxh6 $1 $16 {[%emt 0:07:12] Black must now prevent Rh7.} f5 $2 {[%emt 0:00:08][%mdl 8192] [#] This costs Black the game.} (14... gxh6 $2 15. Qxh6 f5 16. Ng5 $18) (14... e5 $16 15. Kf1 (15. Rxd6 $2 exd4 16. Ng5 Qc5 $19) 15... exd4 16. Bh7+ Kf8) 15. Qg5 $1 $18 {[%emt 0:17:51] Qg6 would kill now.} Qxb2 {[%emt 0:29:39] [#]} (15... Qd8 16. Qg6) 16. Rh8+ $1 Kxh8 17. Qh5+ Kg8 18. Qxe8+ Kh7 19. Rb1 (19. Ng5+ Kh6 20. Nf7+ Kh7 $16) 19... Qxa2 20. g4 {[%emt 0:00:05] Weighted Error Value: White=0.17 (very precise) /Black=1.01} 1-0

[Event "Menorca Open-A 2022"]
[Site "Menorca"]
[Date "2022.04.23"]
[Round "5.6"]
[White "Kosakowski, Jakub"]
[Black "Adhiban, B.."]
[Result "0-1"]
[ECO "B12"]
[WhiteElo "2452"]
[BlackElo "2633"]
[Annotator "TA"]
[PlyCount "114"]
[EventDate "2022.04.20"]
[EventType "swiss"]
[EventCountry "ESP"]
[SourceTitle "playchess.com"]
[Source "ChessBase"]
[SourceQuality "1"]
[TimeControl "5400+30"]

1. e4 c6 2. d4 d5 3. e5 c5 4. dxc5 e6 5. Bd3 Nc6 6. Nf3 {[%emt 0:03:09] B12: Caro-Kann: Advance Variation.} Bxc5 7. O-O f6 8. exf6 {[%emt 0:21:58] White is slightly better.} Nxf6 9. c4 O-O 10. Nc3 h6 11. a3 {[%emt 0:01:42] [#]} a5 $146 (11... Ng4 $11) ({Predecessor:} 11... a6 12. b4 Ba7 13. Bb2 Qc7 14. Rc1 Ng4 15. g3 Qf7 16. Be2 Rd8 17. cxd5 exd5 {½-½ (51) Poetz,F (2389)-Delchev,A (2571) Bayerisch Eisenstein 2019}) 12. Qe2 $14 Qc7 {[%emt 0:22:33] Inhibits Bf4.} 13. h3 {[%emt 0:12:24] Prevents Ng4.} Nh5 {[%emt 0:11:12] aiming for ...Ng3.} 14. Be3 ({But not} 14. cxd5 Ng3 $1 15. Qd1 Nxf1 16. dxc6 Ng3 $15) 14... Bxe3 15. Qxe3 Nf4 16. Rad1 Qf7 17. Ne5 (17. h4 $14) 17... Qf6 (17... Qh5 $1 $11 18. Nxc6 bxc6) 18. Ng4 Qf7 19. Bc2 d4 20. Rxd4 (20. Qe4 $1 $14 Qf5 21. Na4) 20... Nxd4 $11 21. Qxd4 e5 $1 22. Nxe5 Qf6 23. Qe4 Bf5 $36 {[%emt 0:00:08][%mdl 2048] Against Qh7+. Black has good play.} 24. Qxf4 {[%emt 0:00:19] Threatens to win with Nd5.} Bxc2 25. Qd4 {[%emt 0:00:24] Strongly threatening Nd5.} Qf4 26. Qxf4 Rxf4 27. Rc1 {[%emt 0:00:12] [#]} (27. Re1 $11 {remains equal.}) 27... Re8 $1 28. Nd5 {[%emt 0:00:28] Pair of Knights!} (28. g3 Rd4) 28... Rd4 29. Rxc2 {[%emt 0:00:42] f4 is the strong threat.} Rd1+ 30. Kh2 Rxe5 $15 {[%emt 0:00:02][%mdl 4096] Endgame KRR-KRN} 31. b4 Rde1 32. Ne3 Rb1 $1 33. c5 axb4 34. axb4 Rxb4 35. c6 bxc6 36. Rxc6 Ra4 37. Rc2 Rea5 38. Kg3 Ra2 39. Rxa2 Rxa2 $17 {[%emt 0:00:03] KR-KN} 40. f4 Kf7 41. Kf3 Ke6 42. g4 Ra3 43. h4 {[%emt 0:00:59] Inhibits g5.} g6 44. Ke4 Ra4+ 45. Kf3 {[%emt 0:00:04] [#]} h5 $1 46. g5 $2 {[%emt 0:01:20][%mdl 8192] White does not recover from this.} (46. Nc2 $17) 46... Ra1 47. Kg3 Rh1 48. f5+ (48. Nc4 $19 Rg1+ 49. Kf3) 48... gxf5 {[%emt 0:00:06] Black mates.} 49. Ng2 Ke5 50. g6 Kf6 51. Nf4 Rg1+ 52. Kf3 Rg4 53. g7 Kxg7 54. Nxh5+ Kf7 55. Ng3 Kf6 56. h5 Kg5 57. h6 Rh4 {[%emt 0:00:05] Weighted Error Value: White=0.44/Black=0.15 (very precise)} 0-1

[Event "Menorca Open-A 2022"]
[Site "Menorca"]
[Date "2022.04.23"]
[Round "5.7"]
[White "Garcia Ramos, Daniel"]
[Black "Heimann, Andreas"]
[Result "1/2-1/2"]
[ECO "E04"]
[WhiteElo "2429"]
[BlackElo "2583"]
[Annotator "TA"]
[PlyCount "117"]
[EventDate "2022.04.20"]
[EventType "swiss"]
[EventCountry "ESP"]
[SourceTitle "playchess.com"]
[Source "ChessBase"]
[SourceQuality "1"]
[TimeControl "5400+30"]

1. Nf3 d5 2. d4 Nf6 3. c4 e6 4. g3 dxc4 5. Bg2 c6 6. O-O b5 7. Ne5 {[%emt 0:01:12] E04: Open Catalan: 5 Nf3.} Bb7 8. a4 {[%emt 0:00:43] [#] aiming for axb5.} a6 9. axb5 axb5 10. Rxa8 Bxa8 11. b3 cxb3 12. Qxb3 Qxd4 {[%emt 0:06:19] [#]} 13. Bf4 $146 (13. Bb2 $5 Qb6 14. Nd2 $11) ({Predecessor:} 13. Bb2 Qb6 14. Na3 Bb7 15. Nec4 Qa6 16. Ra1 bxc4 17. Nxc4 Qb5 18. Qxb5 cxb5 19. Bxb7 bxc4 20. Ra8 Nfd7 {0-1 (20) Rusev,R (2364)-Sethuraman,S (2649) Novi Sad 2016}) 13... Be7 {[%emt 0:09:48] Threatens to win with ...0-0.} 14. Nc3 (14. Qa2 $11 Qa4 15. Qb2) 14... O-O 15. Nxb5 cxb5 16. Bxa8 g5 ({Black should play} 16... Nh5 $15 17. Rd1 Qc5) 17. Qe3 $1 $11 Qxe3 (17... Qa4 $15 18. Bxg5 Qxa8) 18. Bxe3 Nd5 19. Bxd5 exd5 20. Rd1 f6 21. Rxd5 fxe5 22. Rxe5 Nc6 23. Rxb5 Bf6 24. Kg2 h6 25. h4 Nd4 26. Rd5 Ne6 27. hxg5 hxg5 28. Kh3 Re8 29. Kg4 {[%emt 0:00:18] The position is equal.} Kf7 30. Rd7+ Kg6 31. Rd6 Kf7 32. Rd7+ Be7 33. f4 Ra8 34. fxg5 Ra2 35. g6+ Kf6 36. g7 Ra8 37. Bc1 Kf7 ({Don't do} 37... Ra4+ 38. e4 Nxg7 39. Bg5+ Ke5 40. Rxe7+ Ne6 41. Kh4 $14) 38. Ba3 {[%emt 0:01:24][%mdl 64] [#] Pin} Ra4+ 39. e4 Nxg7 40. Rxe7+ {[%emt 0:00:29][%mdl 4096] Endgame KRB-KRN} Kf6 41. Bd6 {[%emt 0:00:50] And now Kf3 would win.} Nf5 $1 42. Rf7+ Kxf7 43. Kxf5 {[%emt 0:00:01] KR-KB} Ra5+ 44. e5 Ra2 45. e6+ Ke8 46. g4 Rf2+ 47. Kg6 Re2 48. Kf5 Rf2+ 49. Bf4 Ke7 50. g5 Rxf4+ 51. Kxf4 {[%emt 0:00:05] Threatening mate with Kf5.} Kxe6 {[%emt 0:00:03] KP-K} 52. Kg4 $1 {[%emt 0:00:09] Intending Kh5 and mate.} Kf7 53. Kf5 Kg7 54. g6 Kg8 55. Kg5 Kg7 56. Kf5 Kg8 57. Kf6 {[%emt 0:00:02] White wants to mate with g7.} Kf8 58. g7+ Kg8 59. Kg6 {[%emt 0:00:01] Weighted Error Value: White=0.04 (flawless) /Black=0.06 (flawless)} 1/2-1/2

[Event "Menorca Open-A 2022"]
[Site "Menorca"]
[Date "2022.04.23"]
[Round "5.8"]
[White "Sosa, Tomas"]
[Black "Romanishin, Oleg M"]
[Result "1/2-1/2"]
[ECO "C91"]
[WhiteElo "2554"]
[BlackElo "2415"]
[Annotator "TA"]
[PlyCount "64"]
[EventDate "2022.04.20"]
[EventType "swiss"]
[EventCountry "ESP"]
[SourceTitle "playchess.com"]
[Source "ChessBase"]
[SourceQuality "1"]
[TimeControl "5400+30"]

1. e4 e5 2. Nf3 Nc6 3. Bb5 a6 4. Ba4 Nf6 5. O-O Be7 6. Re1 b5 7. Bb3 d6 8. c3 O-O 9. d4 Bg4 10. Be3 Bh5 11. Nbd2 Na5 {[%emt 0:02:32] C91: Closed Ruy Lopez: 7...d6 8 c3 0-0 9 d4.} 12. Bc2 Ng4 13. Qe2 Bf6 {[%emt 0:11:36] [#] White has an edge.} 14. d5 $146 ({Predecessor:} 14. b4 Nc6 15. d5 Nxe3 16. Qxe3 Ne7 17. a4 Qc8 18. h3 Bg6 19. Bb3 h6 20. c4 bxc4 21. Bxc4 {½-½ (49) Schulz,G (2411)-Trofimov,V (2426) GER email 2018}) 14... c5 15. dxc6 Nxe3 16. Qxe3 Qc7 17. Bd1 Bg4 {[%emt 0:02:43] [#]} (17... Bg6 $11 {deserves consideration.}) 18. Nxe5 $1 $14 Bxd1 19. Nd7 Bh5 20. Nxf6+ ({Much worse is} 20. Nxf8 Rxf8 21. f3 (21. Qh3 Bg6 $17) 21... Nxc6 $17) 20... gxf6 21. Qh6 Bg6 22. h4 $1 Nxc6 23. h5 Ne5 24. hxg6 (24. Nf1 {looks sharper.} Ng4 25. Qf4 Bxh5 26. Ng3) 24... fxg6 25. Nb3 Rae8 {[%emt 0:04:25] The position is equal.} 26. Nd4 Nd3 27. Re2 d5 28. exd5 Rxe2 29. Nxe2 {[%emt 0:00:04] With the idea Qd2.} Qc5 30. Rf1 {[%emt 0:15:37] Threatens to win with Qd2.} Qxd5 31. Qd2 {[%emt 0:00:11] [#] Black must now prevent Rd1.} Rd8 32. Nd4 Ne5 {[%emt 0:01:08] Weighted Error Value: White=0.05 (flawless) /Black=0.05 (flawless)} 1/2-1/2

[Event "Menorca Open-A 2022"]
[Site "Menorca"]
[Date "2022.04.23"]
[Round "5.9"]
[White "Rahal, Michael A"]
[Black "Iermito, Sebastian"]
[Result "1/2-1/2"]
[ECO "B80"]
[WhiteElo "2329"]
[BlackElo "2525"]
[Annotator "TA"]
[PlyCount "48"]
[EventDate "2022.04.20"]
[EventType "swiss"]
[EventCountry "ESP"]
[SourceTitle "playchess.com"]
[Source "ChessBase"]
[SourceQuality "1"]
[TimeControl "5400+30"]

1. e4 c5 2. Nf3 e6 3. d4 cxd4 4. Nxd4 Nc6 5. Nc3 Qc7 6. g3 a6 7. Bg2 d6 8. Nxc6 bxc6 9. O-O Nf6 10. Na4 Bb7 {[%emt 0:04:28][%cal Bc8b7,Bb7c6,Bc6a4][%mdl 32] B80: Sicilian Scheveningen: 6 g3 and 6 Be3, including English Attack.} 11. c4 c5 12. Re1 Be7 13. b3 O-O {[%emt 0:01:18] The position is equal.} 14. Bb2 Nd7 {[%emt 0:02:00] Inhibits e5.} 15. f4 Bc6 {[%emt 0:02:20] [#]} 16. Qg4 $146 {[%emt 0:06:57][%csl Gb2][%cal Rg4g7] [#]} ({Predecessor:} 16. Nc3 Bf6 17. h3 Rab8 18. Qc2 Bd4+ 19. Kh2 Qb7 20. Rad1 Rfe8 21. Rd2 a5 22. Nb5 Bxb5 23. cxb5 {0-1 (67) Rombaldoni,A (2488)-Dubov,D (2632) Jerusalem 2015}) 16... Nf6 17. Qe2 Bxa4 18. e5 Bc6 19. exf6 Bxf6 20. Bxf6 gxf6 21. Qg4+ Kh8 22. Qh4 {[%emt 0:00:49] And now Bxc6 would win.} Kg7 23. Qg4+ Kh8 24. Qh4 Qd8 $2 {[%emt 0:54:33][%mdl 40960] Weighted Error Value: White=0.04 (flawless) /Black=0.02 (flawless) . An unexpected result.} 1/2-1/2

[Event "Menorca Open-A 2022"]
[Site "Menorca"]
[Date "2022.04.23"]
[Round "5.10"]
[White "Nasuta, Grzegorz"]
[Black "Baskin, Robert"]
[Result "0-1"]
[ECO "C14"]
[WhiteElo "2518"]
[BlackElo "2393"]
[Annotator "TA"]
[PlyCount "110"]
[EventDate "2022.04.20"]
[EventType "swiss"]
[EventCountry "ESP"]
[SourceTitle "playchess.com"]
[Source "ChessBase"]
[SourceQuality "1"]
[TimeControl "5400+30"]

1. e4 e6 2. d4 d5 3. Nc3 Nf6 4. Bg5 Be7 5. e5 Nfd7 6. h4 Bxg5 7. hxg5 Qxg5 8. Nh3 Qh4 {[%emt 0:00:05] C14: French: Classical System: 4 Bg5 Be7 main line.} 9. g3 {[%emt 0:06:13][%mdl 1024] White has compensation.} Qe7 10. Qg4 g6 {[%emt 0:00:18] White has an edge.} 11. Ng5 h6 {[%emt 0:00:11] [#]} 12. O-O-O $1 Nc6 {[%emt 0:05:24] [#]} 13. Nb5 $146 ({Predecessor:} 13. Kb1 Nf8 14. f4 Bd7 15. Qe2 O-O-O 16. Nf3 Kb8 17. Qe3 Be8 18. g4 a6 19. Re1 {½-½ (46) Pommrich,R (2220)-Haemmerle,D (2147) ICCF email 2018}) 13... Nb6 {[%emt 0:07:45] [#]} (13... Nf8 14. Nc3) 14. Bd3 $1 h5 15. Qf4 (15. Nxf7 $5 hxg4 16. Nxh8 $11) 15... a6 16. Nc3 Bd7 17. g4 h4 18. Rh3 {[%emt 0:02:25] [#]} (18. Nf3 $11) 18... O-O-O (18... Nxd4 $1 $15 19. Rdh1 O-O-O $1) 19. Rdh1 {[%emt 0:03:06] [#]} ({Don't blunder} 19. Nxf7 $2 Rdf8 20. Bxg6 Be8 $19) (19. Nf3 $11) 19... Nxd4 $1 $15 20. Rxh4 Rxh4 21. Rxh4 Qb4 22. Qf6 $2 (22. Qd2 $15) 22... Be8 $2 (22... Na4 $19 {has better winning chances.} 23. Kd2 Nxb2) 23. a3 $17 Qc5 24. Nxf7 Bxf7 25. Qxf7 g5 $36 {[%emt 0:02:24][%mdl 2048] White is under pressure.} 26. Rh7 {[%emt 0:01:10] [#]} Nd7 $1 27. f4 gxf4 28. Qxf4 Nc6 29. Kb1 Ncxe5 {[%emt 0:07:49] ...Qg1+ is the strong threat. Pair of Knights!} 30. Be2 (30. Ne2 $15) 30... Kb8 31. Rh6 Rf8 32. Qg3 Qe7 {[%emt 0:00:15] &Nero is more active.} 33. g5 Rg8 34. Qe3 c6 ({Better is} 34... Qxg5 35. Qxg5 Rxg5 36. Rxe6 Rg1+ 37. Ka2 c6) 35. Ka2 $2 (35. Rh5 $17) 35... Qxg5 $19 ({And not} 35... Rxg5 36. Rh8+ Kc7 37. Qa7 $17) 36. Qxg5 Rxg5 37. Rxe6 Rg2 {[%emt 0:00:03] aiming for ...d4.} 38. Bd3 Nxd3 39. cxd3 {[%emt 0:00:01][%mdl 4096] Endgame KRN-KRN} Rd2 40. Na4 Kc7 ({Not} 40... Rxd3 41. Re8+ Kc7 42. Re7 $17) 41. Kb1 b5 42. Nc3 Rxd3 43. Kc2 Rh3 44. Ne2 Nc5 45. Rg6 Rh2 46. Kd1 Nd3 47. b4 Nb2+ 48. Ke1 Rh4 {[%emt 0:00:24] Prevents Nd4.} 49. Kd2 d4 (49... Nc4+ $142 50. Kc3 Rh3+ 51. Rg3 Rxg3+ 52. Nxg3 Nxa3) 50. Ng3 $2 (50. Nxd4 Rxd4+ 51. Kc3) 50... Nc4+ 51. Ke1 d3 52. Rg7+ Kb6 {[%emt 0:00:13] ( -> ...d2+)} 53. Rd7 d2+ 54. Ke2 Rh2+ 55. Kf1 Ne3+ {[%emt 0:00:25] Weighted Error Value: White=0.67/Black=0.18 (very precise)} 0-1